 Dungeon Crawl Stone Soup version 0.30-a0-591-g3c58d2bc28 (webtiles) character file.

Game seed: 7139371143675595089

25 NinjaNoafa the Ducker (level 3, 0/28 HPs)
             Began as a Merfolk Gladiator on Jan 4, 2023.
             Slain by Sigmund
             ... wielding a +0 scythe
              (1 damage)
             ... on level 2 of the Dungeon on Jan 5, 2023.
             The game lasted 00:04:41 (658 turns).

NinjaNoafa the Ducker (Merfolk Gladiator)            Turns: 658, Time: 00:04:42

Health: 0/28       AC:  4    Str: 14    XL:     3   Next: 4%
Magic:  3/3        EV: 13    Int:  7    God:
Gold:   42         SH:  4    Dex: 17    Spells: 2/2 levels left

rFire   . . .      SeeInvis .    a - +0 rapier
rCold   . . .      Faith    .    n - +0 buckler
rNeg    . . .      Spirit   .    b - +0 leather armour
rPois   .          Reflect  .    c - +0 helmet
rElec   .          Harm     .    (no cloak)
rCorr   .          Rampage  .    (no gloves)
Will    .....                    (no boots)
Stlth   ++                       (no amulet)
HPRegen 0.24/turn                (no ring)
MPRegen 0.08/turn                (no ring)

@: no status effects
A: (nimble swimmer 2), mertail
a: no special abilities


You were on level 2 of the Dungeon.
You visited 1 branch of the dungeon, and saw 2 of its levels.

You collected 42 gold pieces.

Inventory:

Hand Weapons
 a - a +0 rapier (weapon)
Missiles
 d - a throwing net (quivered)
 f - 5 poisoned darts
 g - 2 atropa-tipped darts
Armour
 b - a +0 leather armour (worn)
 c - a +0 helmet (worn)
 n - a +0 buckler (worn)
Scrolls
 k - a scroll of enchant weapon {unknown}
 l - a scroll of blinking {unknown}
 m - a scroll of vulnerability {unknown}
Potions
 h - a potion of flight {unknown}
 i - a potion of curing {unknown}
 j - a potion of attraction {unknown}


   Skills:
 + Level 2.6 Fighting
 + Level 4.0 Short Blades
 + Level 2.1 Throwing
 + Level 4.3 Dodging
 + Level 1.2 Stealth
 + Level 0.0 Shields


You had 2 spell levels left.
You didn't know any spells.
Your spell library was empty.

Dungeon Overview and Level Annotations

Branches:
Dungeon (2/15)

Altars:

Annotations:
D:2 Sigmund


Innate Abilities, Weirdness & Mutations

((You are very nimble when in or above water. (Stealth+, EV+, Speed+++)))
Your lower body shifts to a powerful aquatic tail in water.


Message History

Press: ? - help, Q - select action, (/) - cycle Shift-Dir - straight line You throw a javelin.
Something hits you.
Throw: 2 javelins
Press: ? - help, Q - select action, (/) - cycle Shift-Dir - straight line You throw a javelin.
You block something's attack.
A worm comes into view.
Throw: javelin
Press: ? - help, Q - select action, (/) - cycle Shift-Dir - straight line You can't see that place.
You can't see that place.
Okay, then.
Throw: javelin
Press: ? - help, Q - select action, (/) - cycle Shift-Dir - straight line You throw a javelin.
The javelin pierces through the worm.
The worm is moderately wounded.
Something hits you. You block something's attack.
You hit something. Something hits you but does no damage.
You miss something. You barely miss something. Something barely misses you.
You hit something. Something hits you.
You miss something. You hit something but do no damage. Something hits you!
You barely miss something. Something hits you!
* * * LOW HITPOINT WARNING * * *
Throw: 3 throwing nets
Press: ? - help, Q - select action, (/) - cycle Shift-Dir - straight line, f - worm
Aim: a worm (79% to hit)
You throw a throwing net. The throwing net hits the worm.
The worm is caught in the net!
Okay, then.
Throw: 2 throwing nets
Press: ? - help, Q - select action, (/) - cycle Shift-Dir - straight line, f/p - worm
Aim: a worm (entangled in a net, 93% to hit)
You throw a throwing net.
The throwing net barely misses the worm.
Something hits you.
You die...

# #.# .#
#.# .###
#.# ...#
#.# ...+
#.# ...#
#.#
.#.###
#.#
.#...
#.#
##.#####
#@#
........
#{#
...#####
#w#
.......#
#.#
†#####.#
#.#
.....#
#.#
<#.#.#
#(# .###
#(# ..


You could see a worm (caught).

Vanquished Creatures
  An adder (D:2)
  A dart slug (D:2)
  4 endoplasms
  2 goblins
  A ball python (D:1)
  3 bats
  A kobold (D:1)
  A rat (D:1)
14 creatures vanquished.

Vanquished Creatures (others)
  2 plants (D:1)
  4 withered plants (D:1)
6 creatures vanquished.

Grand Total: 20 creatures vanquished

Notes
Turn   | Place    | Note
-------+----------+-------------------------------------------
     0 | D:1      | NinjaNoafa the Merfolk Gladiator began the quest for the
                  | Orb.
     0 | D:1      | Reached XP level 1. HP: 16/16 MP: 1/1
   133 | D:1      | Found a faded altar of an unknown god.
   339 | D:1      | Reached XP level 2. HP: 23/23 MP: 2/2
   513 | D:2      | Reached skill level 1 in Stealth
   523 | D:2      | Reached XP level 3. HP: 23/28 MP: 3/3
   639 | D:2      | Noticed Sigmund
   656 | D:2      | HP: 1/28 [something (9)]
   658 | D:2      | Slain by Sigmund

Illustrated notes

Levels and vault maps discovered:
D:1:      minmay_arrival_stair_chambers, layout_rooms,
          shapermc_ecumenical_altar_flowoftime, item_on_display_a
D:2:      layout_basic, serial_shops, nicolae_shop_statue_plus,
          guppyfry_early_orc_mine, uniq_sigmund, uniq_robin, uniq_jessica

Skill      XL: |  1  2 |
---------------+-------+-----
Stealth        | 1 |  1.2
Short Blades   | 4 |  4.0
Fighting       | |  2.6
Throwing       | |  2.1
Dodging        | |  4.3

Action                   || total
-------------------------++-------
Melee: Rapier            ||    75
       Punch             ||     1
Throw: Javelin           ||    10
       Throwing net      ||     2
 Stab: Sleeping          ||     1
Armor: Leather armour    ||    17
Dodge: Dodged            ||    33
Block: Buckler           ||     2

Table legend: (Time is in decaauts)
 A = Elapsed time spent in this place.
 B = Non-inter-level travel time spent in this place.
 C = Inter-level travel time spent in this place.
 D = Time resting spent in this place.
 E = Time spent auto-exploring this place.
 F = Levels seen in this place.
 G = Mean time per level.
                   A        B        C        D        E       F      G
               +--------+--------+--------+--------+--------+-----+--------+
         Total |    663 |    645 |     18 |      0 |    433 |   2 |  331.5 |
       Dungeon |    663 |    645 |     18 |      0 |    433 |   2 |  331.5 |
               +--------+--------+--------+--------+--------+-----+--------+

Top non-repeatable levels by time:
     D:1: 488 daAuts
     D:2: 175 daAuts
